 Dungeon Crawl Stone Soup version 0.28-a0-1234-g826d19b2e0 (webtiles) character file.

Game seed: 14841219410722964618

14580 IronLion the Geomancer (level 12, -2/68 HPs)
             Began as a Gargoyle Earth Elementalist on Dec 16, 2021.
             Was a Believer of Vehumet.
             Slain by a boulder beetle (8 damage)
             ... on level 12 of the Dungeon on Dec 24, 2021.
             The game lasted 01:13:02 (17452 turns).

IronLion the Geomancer (GrEE)                      Turns: 17452, Time: 01:13:04

Health: -2/68      AC: 24    Str: 14    XL:     12   Next: 18%
Magic:  4/24       EV: 12    Int: 19    God:    Vehumet [**....]
Gold:   816        SH:  0    Dex: 10    Spells: 17/27 levels left

rFire   . . .      SeeInvis .   X - +2 great mace (protect)
rCold   . . .      Faith    .   (shield currently unavailable)
rNeg    + . .      Spirit   .   y - +3 leather armour
rPois   ∞          Reflect  .   t - +1 helmet
rElec   +          Harm     .   i - +0 cloak
rCorr   .          Rampage  .   (no gloves)
Will    +....                   v - +0 pair of boots
Stlth   ++........              u - amulet of the acrobat
HPRegen 0.21/turn               T - ring of willpower
MPRegen 0.19/turn               S - +4 ring of protection

@: no status effects
A: sickness immunity, AC +8, negative energy resistance 1, electricity
resistance, torment resistance 1, petrification resistance
a: Renounce Religion


You were on level 12 of the Dungeon.
You worshipped Vehumet.
Vehumet was pleased with you.
You visited 3 branches of the dungeon, and saw 14 of its levels.
You also visited: Sewer.

You collected 960 gold pieces.
You spent 144 gold pieces at shops.

Inventory:

Hand Weapons
 g - a +2 whip of venom
 L - the +6 falchion of Wekuxoa {vorpal, Str+6 Int-2}
   (You found it on level 9 of the Dungeon)

   It inflicts extra damage upon your enemies.
   Str:       It affects your strength (+6).
   Int:       It affects your intelligence (-2).
 X - a +2 great mace of protection (weapon)
Missiles
 c - 77 stones
Armour
 b - a +0 robe
 i - a +0 cloak (worn)
 s - a +0 kite shield
 t - a +1 helmet (worn)
 v - a +0 pair of boots (worn)
 y - a +3 leather armour (worn)
 V - a +0 animal skin
Jewellery
 m - a +6 ring of strength
 u - an amulet of the acrobat (around neck)
 M - a +4 ring of evasion
 S - a +4 ring of protection (right hand)
 T - a ring of willpower (left hand)
Wands
 j - a wand of mindburst (18)
 r - a wand of flame (29)
 K - a wand of paralysis (11)
 Q - a wand of polymorph (5)
 Y - a wand of iceblast (10)
Scrolls
 e - 9 scrolls of identify
 f - 3 scrolls of fog
 h - 6 scrolls of teleportation
 k - a scroll of blinking {unknown}
 l - 2 scrolls of acquirement {unknown}
 x - 2 scrolls of magic mapping {unknown}
 D - a scroll of vulnerability {unknown}
 I - 2 scrolls of enchant armour {unknown}
 O - a scroll of torment {unknown}
 W - 2 scrolls of fear {unknown}
 Z - a scroll of enchant weapon {unknown}
Potions
 d - 4 potions of curing
 o - a potion of ambrosia {unknown}
 p - a potion of cancellation {unknown}
 w - 2 potions of magic
 z - a potion of haste {unknown}
 A - 2 potions of resistance
 B - 2 potions of flight {unknown}
 N - 2 potions of brilliance {unknown}
 R - 2 potions of attraction {unknown}


   Skills:
 + Level 5.5 Fighting
 + Level 5.1 Maces & Flails
 + Level 5.6 Armour
 + Level 4.7 Dodging
 - Level 2.1 Stealth
 + Level 4.9 Shields
 + Level 8.3 Spellcasting
 + Level 8.7 Conjurations
 - Level 0.7 Transmutations
 + Level 11.1 Earth Magic
 + Level 4.6 Evocations


You had 17 spell levels left.
You knew the following spells:

 Your Spells              Type           Power      Damage    Failure   Level
a - Sandblast             Erth           100%       2d20      1%          1
b - Passwall              Tmut/Erth      25%        N/A       1%          2
c - Stone Arrow           Conj/Erth      90%        3d12      1%          3
d - Petrify               Tmut/Erth      30%        N/A       10%         4

Your spell library contained the following spells:

 Spells                   Type           Power      Damage    Failure   Level
 Poisonous Vapours        Pois/Air       14%        N/A       16%         2
 Pain                     Necr           28%        1d5       11%         1
 Animate Armour           Summ/Erth      58%        N/A       11%         4
 Wereblood                Tmut           10%        N/A       12%         2
 Ozocubu's Armour         Ice            7%         N/A       32%         3
 Portal Projectile        Hex/Tloc       14%        N/A       32%         3
 Blade Hands              Tmut           5%         N/A       92%         5
 Agony                    Necr           7%         N/A       96%         5
 Excruciating Wounds      Necr           3%         N/A       96%         5
 Ozocubu's Refrigeration  Ice            3%         4d5       100%        7
 Summon Hydra             Summ           3%         N/A       100%        7
 Lehudib's Crystal Spear  Conj/Erth      22%        10d6      100%        8
 Sublimation of Blood     Necr           Unusable   N/A       N/A         2

Dungeon Overview and Level Annotations

Branches:
Dungeon (12/15)            Temple (1/1) D:7            Lair (0/6) D:9
    Orc (1/2) D:10          Sewer (visited)

Altars:
Ashenzari
Cheibriados
Dithmenos
Elyvilon
Fedhas
Gozag
Hepliaklqana
Kikubaaqudgha
Nemelex Xobeh
Okawaru
Qazlal
Ru
Sif Muna
Trog
Uskayaw
Vehumet
Wu Jian
Xom
Yredelemnul
Zin
The Shining One

Shops:
D:2 [*?:   D:6 (

Annotations:
Orc:1 Nergalle


Innate Abilities, Weirdness & Mutations

You are immune to sickness and miasma.
Your stone body is resilient. (AC +8)
You are immune to poison.
You resist negative energy. (rN+)
You are resistant to electric shocks. (rElec)
You are resistant to unholy torment.
You are immune to petrification.


Message History

Press: ? - help, Shift-Dir - straight line, f/p - boulder beetle
Aim: a boulder beetle (severely wounded, 100% to hit)
The blast of sand hits the boulder beetle but does no damage.
The boulder beetle is severely wounded.
The boulder beetle bites you!!
Okay, then.
Casting: Sandblast (safe; 1% risk of failure)
Confirm with . or Enter, or press ? or * to list all spells.
Aiming: Sandblast (safe; 1% risk of failure)
Press: ? - help, Shift-Dir - straight line, f/p - boulder beetle
Aim: a boulder beetle (severely wounded, 100% to hit)
The blast of sand hits the boulder beetle!
The boulder beetle is almost dead.
The boulder beetle bites you but does no damage.
Casting: Sandblast (safe; 1% risk of failure)
Confirm with . or Enter, or press ? or * to list all spells.
Aiming: Sandblast (safe; 1% risk of failure)
Press: ? - help, Shift-Dir - straight line, f/p - boulder beetle
Aim: a boulder beetle (almost dead, 100% to hit)
The blast of sand hits the boulder beetle but does no damage.
The boulder beetle is almost dead.
The boulder beetle closely misses you.
Casting: Sandblast (safe; 1% risk of failure)
Confirm with . or Enter, or press ? or * to list all spells.
Aiming: Sandblast (safe; 1% risk of failure)
Press: ? - help, Shift-Dir - straight line, f/p - boulder beetle
Aim: a boulder beetle (almost dead, 100% to hit)
The blast of sand hits the boulder beetle but does no damage.
The boulder beetle is almost dead.
The boulder beetle bites you!!
* * * LOW HITPOINT WARNING * * *
Casting: Sandblast (safe; 1% risk of failure)
Confirm with . or Enter, or press ? or * to list all spells.
Aiming: Sandblast (safe; 1% risk of failure)
Press: ? - help, Shift-Dir - straight line, f/p - boulder beetle
Aim: a boulder beetle (almost dead, 100% to hit)
The blast of sand hits the boulder beetle but does no damage.
The boulder beetle is almost dead.
The boulder beetle bites you!
You die...

#..........#.....#.......#
..
#..........#.....#.......#
.
#..........#....°°.......#
#..........#.....#.......#
#..........#.....#.......#
#..........#######'##'####
#....###'###.......#....#
#....#........[.B..#....#
#....#.........@...#....#
##....#.............#...<#
.†....#.....###########+##
.############ .# .# .# .#
.#


You could see a boulder beetle.

Vanquished Creatures
  A boulder beetle (D:9)
  2 centaur warriors (D:11)
  3 two-headed ogres
  Urug (Orc:1)
  A cyclops (D:11)
  A gargoyle (D:11)
  A troll (D:5)
  2 hornets
  4 shadows
  7 yaks
  2 basilisks
  Grum (D:10)
  4 vampire mosquitoes (D:10)
  2 wargs (Orc:1)
  A water moccasin (D:6)
  5 orc warriors
  Pargi (Sewer)
  A black bear (D:6)
  3 necrophages
  2 wolves (D:10)
  9 centaurs
  3 ogres (Orc:1)
  5 phantoms
  3 kobold brigands
  A bullfrog (D:7)
  A scorpion (D:7)
  3 troll zombies (D:10)
  3 wights (D:7)
  20 killer bees
  A howler monkey (D:10)
  7 centaur zombies
  2 jellies
  2 hounds
  3 orc priests
  2 gnoll shamans
  4 orc wizards
  An iguana (D:6)
  A scorpion zombie (D:5)
  A killer bee zombie (D:5)
  3 ogre zombies (D:10)
  7 adders
  11 gnolls
  2 howler monkey skeletons
  2 shadow imps
  A white imp (D:5)
  An adder skeleton (D:4)
  3 dart slugs
  24 orcs
  3 bats
  8 endoplasms
  6 giant cockroaches
  6 goblins
  7 hobgoblins
  3 jackals (D:4)
  2 quokkas
  10 ball pythons
  6 frilled lizards
  2 goblin skeletons (D:10)
  2 goblin zombies (D:10)
  2 hobgoblin skeletons (D:10)
  A hobgoblin zombie (D:10)
  25 kobolds
  An orc skeleton (D:10)
  11 orc zombies (D:10)
  3 rats (D:1)
269 creatures vanquished.

Vanquished Creatures (others)
  7 plants
  4 withered plants (D:1)
11 creatures vanquished.

Grand Total: 280 creatures vanquished

Notes
Turn   | Place    | Note
-------+----------+-------------------------------------------
     0 | D:1      | IronLion the Gargoyle Earth Elementalist began the quest
                  | for the Orb.
     0 | D:1      | Reached XP level 1. HP: 10/10 MP: 3/3
   399 | D:1      | Reached skill level 4 in Earth Magic
   399 | D:1      | Reached XP level 2. HP: 15/15 MP: 0/5
   457 | D:1      | Found a faded altar of an unknown god.
  1441 | D:2      | Reached XP level 3. HP: 19/19 MP: 4/6
  1740 | D:2      | Found Kezu's Assorted Antiques.
  1748 | D:2      | Bought a scroll labelled TUSEOM CAOJUTIABIPH for 26 gold
                  | pieces
  1785 | D:2      | Found Inery's Antique Armour Shoppe.
  1919 | D:2      | Found Gigutilo's Book Boutique.
  2018 | D:2      | Found Vuptoc's Magic Scroll Emporium.
  2568 | D:3      | Found an ancient bone altar of Kikubaaqudgha.
  2774 | D:3      | Upgraded the game from 0.28-a0-1167-g616b1c6417 to
                  | 0.28-a0-1182-g381e24db82
  3095 | D:3      | Found an iron altar of Okawaru.
  3285 | D:3      | Learned a level 2 spell: Passwall
  3289 | D:3      | Learned a level 3 spell: Stone Arrow
  3401 | D:4      | Noticed a phantom
  3411 | D:4      | Killed a phantom
  3412 | D:4      | Reached skill level 5 in Earth Magic
  3412 | D:4      | Reached XP level 4. HP: 16/24 MP: 1/9
  3412 | D:4      | Reached XP level 5. HP: 19/28 MP: 1/10
  3566 | D:4      | Reached skill level 1 in Conjurations
  3733 | D:4      | Noticed a phantom
  3743 | D:4      | Killed a phantom
  3744 | D:4      | Reached skill level 6 in Earth Magic
  3744 | D:4      | Reached XP level 6. HP: 30/32 MP: 6/12
  3872 | D:4      | Found a glowing drain.
  3943 | D:4      | Found a sparkling altar of Nemelex Xobeh.
  4033 | Sewer    | Entered a sewer
  4075 | Sewer    | Noticed Pargi
  4078 | Sewer    | Killed Pargi
  4685 | D:5      | Entered Level 5 of the Dungeon
  4865 | D:5      | Reached XP level 7. HP: 24/36 MP: 9/13
  5465 | D:5      | Noticed a troll
  5476 | D:5      | Killed a troll
  5477 | D:5      | Reached skill level 5 in Spellcasting
  5477 | D:5      | Reached skill level 7 in Earth Magic
  5569 | D:5      | Reached XP level 8. HP: 41/41 MP: 15/15
  5785 | D:5      | Found a shadowy altar of Dithmenos.
  5810 | D:5      | Found an opulent altar of Gozag.
  6120 | D:6      | Reached skill level 5 in Conjurations
  6120 | D:6      | Reached skill level 8 in Earth Magic
  6318 | D:6      | Found a white marble altar of Elyvilon.
  6416 | D:6      | Found Seure's Hydra Hut.
  6455 | D:6      | Noticed an eight-headed hydra
  7494 | D:7      | Reached XP level 9. HP: 45/45 MP: 9/18
  7499 | D:7      | Learned a level 4 spell: Petrify
  7680 | D:7      | Reached skill level 9 in Earth Magic
  7903 | D:7      | Found a staircase to the Ecumenical Temple.
  8456 | D:7      | Found a shimmering altar of Xom.
  8597 | Temple   | Entered the Ecumenical Temple
  8801 | Temple   | Became a worshipper of Vehumet
  8856 | D:8      | Noticed a hornet
  8868 | D:7      | Reached skill level 1 in Fighting
  8868 | D:7      | Reached skill level 1 in Armour
  9049 | D:8      | Reached skill level 1 in Maces & Flails
  9051 | D:8      | Reached skill level 1 in Evocations
  9300 | D:8      | Killed a hornet
  9934 | D:8      | Reached XP level 10. HP: 17/54 MP: 9/20
 10091 | D:8      | Reached skill level 1 in Shields
 10099 | D:8      | Reached * piety under Vehumet
 10099 | D:8      | Offered knowledge of Freeze by Vehumet.
 10603 | D:8      | Noticed a two-headed ogre
 10607 | D:8      | Killed a two-headed ogre
 10877 | D:9      | Identified the +6 falchion of Wekuxoa {vorpal, Str+6 Int-2}
 11410 | D:9      | Found a staircase to the Lair.
 11660 | D:9      | Noticed a boulder beetle
 11677 | D:9      | Killed a boulder beetle
 11678 | D:9      | Reached skill level 10 in Earth Magic
 12210 | D:10     | Entered Level 10 of the Dungeon
 12467 | D:2      | Bought a scroll of identify for 22 gold pieces
 12510 | D:2      | Bought a scroll of identify for 52 gold pieces
 12584 | D:2      | Bought a scroll of teleportation for 33 gold pieces
 12584 | D:2      | Bought a scroll of noise for 11 gold pieces
 13227 | D:10     | Reached XP level 11. HP: 61/61 MP: 3/22
 13290 | D:10     | Found a staircase to the Orcish Mines.
 13768 | D:10     | Noticed Grum
 13780 | D:10     | Killed Grum
 14220 | Orc:1    | Entered Level 1 of the Orcish Mines
 14537 | Orc:1    | Noticed Urug
 14722 | Orc:1    | Reached ** piety under Vehumet
 14722 | Orc:1    | Offered knowledge of Poisonous Vapours by Vehumet.
 14737 | Orc:1    | Killed Urug
 14892 | Orc:1    | Noticed Nergalle
 15955 | D:11     | Reached skill level 5 in Fighting
 16119 | D:11     | Noticed a centaur warrior
 16124 | D:11     | Reached skill level 5 in Armour
 16127 | D:11     | Noticed a centaur warrior
 16128 | D:11     | Killed a centaur warrior
 16136 | D:11     | Killed a centaur warrior
 16138 | D:11     | Noticed a cyclops
 16358 | D:11     | Killed a cyclops
 16502 | D:11     | Noticed a two-headed ogre
 16509 | D:11     | Killed a two-headed ogre
 16510 | D:11     | Reached skill level 11 in Earth Magic
 16510 | D:11     | Reached XP level 12. HP: 68/68 MP: 14/24
 16628 | D:11     | Found a broken altar of Ashenzari.
 16646 | D:11     | Reached skill level 5 in Maces & Flails
 16721 | D:11     | Noticed a two-headed ogre
 16948 | D:11     | Upgraded the game from 0.28-a0-1182-g381e24db82 to
                  | 0.28-a0-1234-g826d19b2e0
 17155 | D:12     | Noticed a boulder beetle
 17208 | D:11     | Killed a two-headed ogre
 17452 | D:12     | Slain by a boulder beetle

Illustrated notes

Levels and vault maps discovered:
D:1:      roderic_octagonal_star, layout_loops_ring,
          shapermc_ecumenical_altar_flowoftime
D:2:      layout_basic, serial_shops, nicolae_lakefront_shop, shop_fountains,
          nicolae_shop_waterfront, shop, minmay_misc_feat_roman
D:3:      layout_loops_corners, lemuel_doored_altar,
          mainiacjoe_overflow_surrounded_room
D:4:      layout_rooms, nemelex_diamond_rough_becter, gup_sewer_entry_glass,
          ldierk_geyser, serial_bayou_pond_a, minmay_misc_feat_diagonals,
          chequers_mini_garden
D:5:      layout_basic, grunt_gozag_statues, nicolae_overflow_hidden_temple,
          minmay_misc_feat_rows
D:6:      layout_cave_pods, mainiacjoe_overflow_alcove_2, doesnt_shop_hydraphobe
D:7:      layout_basic, pf_just_have_faith, minmay_temple_entry_glass,
          serial_bayou_pond_d, kennysheep_generic_room_4
D:8:      layout_basic, dk_vineyard_2, minmay_microvault
D:9:      layout_irregular_city, lair_entry_dummy, serial_column_ruins,
          column_ruins_hut, column_ruins_hut, column_ruins_columns_dead_end,
          column_ruins_grid_1, column_ruins_open_tiny,
          column_ruins_columns_straight, column_ruins_open_small,
          column_ruins_grid_4, column_ruins_grid_1
D:10:     layout_cave_pools, zombieorc1_lemuel, grunt_ministairs_11, uniq_grum
D:11:     minmay_cornered_nines, layout_long_grid, ashenzari_altar_1
D:12:     layout_grid_maze
Temple:   eino_narrow_crystal_temple
Orc:1:    layout_caves, uniq_nergalle, uniq_urug

Skill      XL: |  1  2  3  4  5  6  7  8  9 10 11 12 |
---------------+-------------------------------------+-----
Earth Magic    | 4 5 6 7 8 9 10 11 | 11.1
Spellcasting   | 3 4 5 6 7 8 |  8.3
Conjurations   | 2 3 4 6 7 8 |  8.7
Fighting       | 2 4 5 |  5.5
Armour         | 2 4 5 |  5.6
Maces & Flails | 2 3 4 5 |  5.1
Dodging        | 2 3 4 |  4.7
Evocations     | 2 3 4 |  4.6
Shields        | 3 4 |  4.9
Stealth        | |  2.1
Transmutations | |  0.7

Action                   |  1- 3 |  4- 6 |  7- 9 | 10-12 || total
-------------------------+-------+-------+-------+-------++-------
Melee: Dagger            |    63 |    68 |    87 |       ||   218
       Unarmed           |     2 |       |       |       ||     2
       Whip              |       |       |    26 |   129 ||   155
       Great mace        |       |       |       |    76 ||    76
 Cast: Sandblast         |    38 |    35 |    63 |    35 ||   171
       Stone Arrow       |       |       |    52 |   169 ||   221
  Use: Scroll            |     1 |       |     2 |     5 ||     8
       Potion            |       |       |       |     5 ||     5
 Stab: Sleeping          |     4 |       |     1 |     3 ||     8
Armor: Robe              |    33 |    45 |    81 |     9 ||   168
       Leather armour    |       |       |       |   232 ||   232
Dodge: Dodged            |    41 |    45 |   120 |   276 ||   482

Table legend: (Time is in decaauts)
 A = Elapsed time spent in this place.
 B = Non-inter-level travel time spent in this place.
 C = Inter-level travel time spent in this place.
 D = Time resting spent in this place.
 E = Time spent auto-exploring this place.
 F = Levels seen in this place.
 G = Mean time per level.
                   A        B        C        D        E       F      G
               +--------+--------+--------+--------+--------+-----+--------+
         Total |  17525 |  16274 |   1251 |   4794 |   8798 |  15 | 1168.3 |
       Dungeon |  16335 |  15101 |   1234 |   4463 |   8322 |  12 | 1361.2 |
        Temple |    239 |    224 |     15 |      0 |    182 |   1 |  239.0 |
  Orcish Mines |    752 |    751 |      1 |    331 |    165 |   1 |  752.0 |
         Sewer |    199 |    199 |      0 |      0 |    128 |   1 |  199.0 |
               +--------+--------+--------+--------+--------+-----+--------+

Top non-repeatable levels by time:
     D:8: 2201 daAuts
    D:10: 1839 daAuts
     D:7: 1645 daAuts
    D:11: 1629 daAuts
     D:4: 1391 daAuts
     D:6: 1362 daAuts
     D:9: 1323 daAuts
     D:3: 1297 daAuts
     D:1: 1270 daAuts
     D:2: 1093 daAuts
     D:5: 1019 daAuts
   Orc:1: 752 daAuts
    D:12: 262 daAuts
  Temple: 239 daAuts
   Sewer: 199 daAuts
